 Dungeon Sprint DCSS version 0.29.1-15-g9cfb28693d (webtiles) character file.

Game seed: 16484759794628388367

1391 Groucho the Covert (level 8, 0/36 HPs)
             Began as a Spriggan Earth Elementalist on Mar 18, 2023.
             Was a High Priest of Dithmenos.
             Killed by divine providence
             ... invoked by an orc priest
              (16 damage)
             ... in the Dungeon (Sprint VII: "The Pits").
             The game lasted 00:05:25 (2452 turns).

Groucho the Covert (Spriggan Earth Elementalist)    Turns: 2452, Time: 00:05:26

Health: 0/36       AC:  3    Str:  9    XL:     8   Next: 40%
Magic:  16/21      EV: 22    Int: 20    God:    Dithmenos [*****.]
Gold:   0          SH:  0    Dex: 15    Spells: 19/23 levels left

rFire   . . .      SeeInvis +   e - +2 dagger (venom)
rCold   . . .      Faith    .   (no shield)
rNeg    . . .      Spirit   .   a - +0 robe
rPois   .          Reflect  .   (helmet restricted)
rElec   .          Harm     .   r - +0 cloak
rCorr   .          Rampage  .   (gloves unavailable)
Will    +....      NoTele   +   (boots unavailable)
Stlth   ++++++++..              (no amulet)
HPRegen 0.12/turn               n - +3 ring of intelligence
MPRegen 0.17/turn               o - +3 ring of strength

@: wreathed by umbra, very quick
A: very small, no large weapons, unfitting armour, see invisible, speed 3
a: Renounce Religion, Shadow Step, Shadow Form


You were in the Dungeon.
You worshipped Dithmenos.
Dithmenos was extremely pleased with you.
You visited 1 branch

Inventory:

Hand Weapons
 e - a +2 dagger of venom (weapon)
 h - a +2 dagger
Missiles
 l - 10 stones
 m - 7 poisoned darts
Armour
 a - a +0 robe (worn)
 r - a +0 cloak (worn)
Jewellery
 n - a +3 ring of intelligence (left hand)
 o - a +3 ring of strength (right hand)
Scrolls
 g - a scroll of blinking
 j - 5 scrolls of amnesia
 k - a scroll of summoning
Potions
 b - 5 potions of magic
 c - 11 potions of curing
 d - 8 potions of heal wounds
 f - 3 potions of berserk rage
 i - a potion of invisibility
 p - a potion of brilliance
 q - a potion of mutation


   Skills:
 + Level 5.8 Short Blades
 + Level 9.1 Dodging
 * Level 12.3 Stealth
 + Level 8.4 Spellcasting
 * Level 5.8 Conjurations
 - Level 1.3 Transmutations
 * Level 9.1 Earth Magic
 + Level 5.2 Invocations


You had 19 spell levels left.
You knew the following spells:

 Your Spells              Type           Power      Damage    Failure   Level
a - Sandblast             Erth           90%        2d19      1%          1
b - Stone Arrow           Conj/Erth      76%        3d11      1%          3

Your spell library contained the following spells:

 Spells                   Type           Power      Damage    Failure   Level
 Passwall                 Tmut/Erth      24%        N/A       1%          2
 Petrify                  Tmut/Erth      29%        N/A       10%         4


Dungeon Overview and Level Annotations

Branches:
Dungeon (1/1)

Altars:
Ashenzari
Cheibriados
Dithmenos
Elyvilon
Fedhas
Gozag
Hepliaklqana
Kikubaaqudgha
Makhleb
Nemelex Xobeh
Okawaru
Qazlal
Ru
Sif Muna
Trog
Uskayaw
Vehumet
Wu Jian
Xom
Yredelemnul
Zin
The Shining One
Jiyva
Lugonu


Innate Abilities, Weirdness & Mutations

You are very small and have problems with some larger weapons.
You are too small for most types of armour.
You have supernaturally acute eyesight. (SInv)
You cover ground extremely quickly. (Speed+++)


Message History

There is an open door here.
You see here a +0 club.
Things that are here:
a +0 whip; a +0 club
Things that are here:
a +0 whip of draining; a +0 robe
There is an open door to the Storerooms (Easy) here.
You open the huge gate.
There is a huge open gate to the Metal Vault (Medium) here.
There is a huge open gate to the Metal Vault (Medium) here.
You open the gate.
A redback, an orc warrior and an orc come into view.
Aiming: Shadow Step
Press: ? - help, Dir - move target, f - orc warrior
Aim: an orc warrior, wielding a +0 battleaxe and wearing a +0 chain mail (asleep, umbra)
You step into the orc warrior's shadow.
An orc and an orc priest come into view.
The helpless orc warrior fails to defend itself.
You perforate the orc warrior like a sieve!!!!
You kill the orc warrior!
Dithmenos accepts your kill. The redback barely misses you.
Things that are here:
a +0 battleaxe; a +0 chain mail You hit the redback.
The redback is poisoned.
The redback is lightly wounded.
The redback bites you.
The orc priest shouts!
Casting: Stone Arrow (safe; 1% risk of failure)
Confirm with . or Enter, or press ? or * to list all spells.
Aiming: Sandblast (safe; 1% risk of failure)
Press: ? - help, Shift-Dir - straight line, f - orc priest
Aim: an orc priest, wielding a +0 dagger and wearing a +0 ring mail (umbra, 87% to hit)
The blast of sand hits the orc priest!
The orc priest is almost dead.
The orc shouts!
The redback bites you! The redback completely misses you.
The orc priest invokes the aid of Beogh against you.
Beogh smites you!
You die...

###'#####''######
.......##''#
.......##..#
.......##..#
...<...##..###
.......##..#..##
.......##..#..o.##
.......##..'...os#
#########..'.o..@+
#########..'.....#
..#...[##..#....##
..#..[[##..#..###
..'..))##..####
..#..))##..#
..#..))##..#
############


You could see a redback (very poisoned), an orc priest and 2 orcs.

Vanquished Creatures
  A wizard (D)
  A polar bear (D)
  A flying skull (D)
  2 orc warriors (D)
  A swamp drake (D)
  An ogre (D)
  A kobold brigand (D)
  A crimson imp (D)
  A gnoll bouda (D)
  A hound (D)
  Jessica (D)
  6 gnolls (D)
  An adder (D)
  2 ufetubi (D)
  An orc (D)
  An endoplasm (D)
  A goblin (D)
  A hobgoblin (D)
  A quokka (D)
  A ball python zombie (D)
  A bat (D)
  A frilled lizard (D)
29 creatures vanquished.

Notes
Turn   | Place    | Note
-------+----------+-------------------------------------------
     0 | D        | Groucho the Spriggan Earth Elementalist began the quest for
                  | the Orb.
     0 | D        | Reached XP level 1. HP: 9/9 MP: 5/5
    26 | D        | Reached XP level 2. HP: 13/13 MP: 1/7
   415 | D        | Found a bloodstained altar of Trog.
   415 | D        | Found a shimmering blue altar of Sif Muna.
   415 | D        | Found a viscous altar of Jiyva.
   415 | D        | Found a hazy altar of Hepliaklqana.
   415 | D        | Found an opulent altar of Gozag.
   416 | D        | Found a glowing golden altar of the Shining One.
   416 | D        | Found a glowing silver altar of Zin.
   416 | D        | Found a basalt altar of Yredelemnul.
   416 | D        | Found a shimmering altar of Xom.
   416 | D        | Found an ornate altar of the Wu Jian Council.
   416 | D        | Found a sacrificial altar of Ru.
   416 | D        | Found a stormy altar of Qazlal.
   416 | D        | Found an iron altar of Okawaru.
   416 | D        | Found a sparkling altar of Nemelex Xobeh.
   416 | D        | Found a burning altar of Makhleb.
   416 | D        | Found a blossoming altar of Fedhas.
   416 | D        | Found a white marble altar of Elyvilon.
   416 | D        | Found a shadowy altar of Dithmenos.
   416 | D        | Found a snail-covered altar of Cheibriados.
   417 | D        | Found a radiant altar of Vehumet.
   417 | D        | Found a corrupted altar of Lugonu.
   418 | D        | Found a hide-covered altar of Uskayaw.
   418 | D        | Found an ancient bone altar of Kikubaaqudgha.
   418 | D        | Found a broken altar of Ashenzari.
   423 | D        | Became a worshipper of Dithmenos the Shadowed
   564 | D        | Reached * piety under Dithmenos
   691 | D        | Noticed a crimson imp
   698 | D        | Reached ** piety under Dithmenos
   699 | D        | Reached XP level 3. HP: 16/16 MP: 4/9
   722 | D        | Reached skill level 5 in Dodging
   722 | D        | Reached skill level 5 in Spellcasting
   722 | D        | Reached skill level 5 in Earth Magic
  1132 | D        | Noticed an ogre
  1133 | D        | Noticed a flying skull
  1145 | D        | Reached XP level 4. HP: 21/21 MP: 10/12
  1146 | D        | Killed an ogre
  1146 | D        | Reached *** piety under Dithmenos
  1147 | D        | Reached skill level 5 in Stealth
  1147 | D        | Reached skill level 1 in Invocations
  1147 | D        | Reached XP level 5. HP: 24/24 MP: 9/14
  1166 | D        | Killed a flying skull
  1167 | D        | Reached skill level 8 in Stealth
  1167 | D        | Reached XP level 6. HP: 17/28 MP: 5/16
  1176 | D        | Reached **** piety under Dithmenos
  1230 | D        | Reached ***** piety under Dithmenos
  1301 | D        | Noticed a swamp drake
  1303 | D        | Killed a swamp drake
  1304 | D        | Reached skill level 9 in Stealth
  1308 | D        | Learned a level 3 spell: Stone Arrow
  1309 | D        | Noticed Jessica
  1309 | D        | Noticed an orc warrior
  1321 | D        | Killed an orc warrior
  1322 | D        | Reached XP level 7. HP: 13/32 MP: 4/18
  1404 | D        | Reached skill level 10 in Stealth
  1421 | D        | Killed Jessica
  1900 | D        | Noticed a polar bear
  1903 | D        | Noticed a wizard
  1924 | D        | Killed a polar bear
  1925 | D        | Reached skill level 5 in Short Blades
  1925 | D        | Reached skill level 11 in Stealth
  1925 | D        | Reached skill level 5 in Conjurations
  2081 | D        | Killed a wizard
  2082 | D        | Reached skill level 12 in Stealth
  2082 | D        | Reached skill level 5 in Invocations
  2082 | D        | Reached XP level 8. HP: 36/36 MP: 11/21
  2452 | D        | Killed from afar by an orc priest

Illustrated notes

Levels and vault maps discovered:
D:        pitsprint [storerooms_1, entrance_room_1, metal_vault_1, armoury_1,
          mini_pit_1, grid_room_1, main_hall_1, silver_pit, the_coven_3,
          the_vestibule_1, steel_vault_4, golden_pit, hallway_of_sentries,
          crystal_vault_4, iron_vault_1, final_vault]

Skill      XL: |  1  2  3  4  5  6  7 |
---------------+----------------------+-----
Dodging        | 3 4 5 6 7 9 |  9.1
Spellcasting   | 3 4 5 6 7 8 |  8.4
Earth Magic    | 3 4 5 6 7 9 |  9.1
Short Blades   | 2 3 4 5 |  5.8
Stealth        | 5 8 9 12 | 12.3
Conjurations   | 2 3 4 5 |  5.8
Invocations    | 1 3 4 5 |  5.2
Transmutations | |  1.3

Action                   |  1- 3 |  4- 6 |  7- 9 || total
-------------------------+-------+-------+-------++-------
Melee: Dagger            |     2 |    33 |     2 ||    37
 Cast: Sandblast         |    16 |    14 |     1 ||    31
       Stone Arrow       |       |     4 |    10 ||    14
Invok: Shadow Step       |       |       |     1 ||     1
  Use: Potion            |       |     4 |       ||     4
 Stab: Sleeping          |     2 |     2 |     1 ||     5
       Invisible         |       |     4 |       ||     4
Armor: Robe              |     1 |       |       ||     1
Dodge: Dodged            |     3 |    30 |     2 ||    35
